Map: Dead of Night

Players

Raleuse

  • Race: Terran Terran
  • Spawn Location: 0:00

NamroodTuo

  • Race: Terran Terran
  • Spawn Location: 0:00

VOD

Have the link to the VOD?

Description

Time

  • Played on: Jan. 25, 2023, 9:07 a.m.
  • Length: 27:16
Show
View Real Time Build Order
Export as new Build Order

Raleuse Terran 

Build Orders:  

Get SALT Encoding   

  12  0:23  Supply Depot  
  12  0:25  SCV  
  13  0:40  Refinery  
  13  0:42  SCV  
  14  1:02  Barracks  
  14  1:24  SCV  
  15  1:38  Supply Depot  
  15  1:41  SCV  
  16  1:50  Refinery  
  16  2:25  Marine  
  16  2:27  Factory  
  17  2:35  Marine  
  18  2:45  Marine  
  19  2:55  Marine  
  20  3:05  Marine  
  21  3:12  Bunker  
  21  3:41  Starport  
  21  3:59  Factory Tech Lab  
  21  4:28  Siege Tank  
  24  4:43  Starport Tech Lab  
  24  5:03  Supply Depot  
  24  5:42  Fusion Core  
  24  6:20  Armory  
  24  6:29  Supply Depot  
  24  6:51  Refinery  
  24  7:50  Battlecruiser  
  29  8:02  Orbital Command  
  29  8:16  Terran Vehicle and Ship Weapons Level 1  
  29  8:28  Vulture  
  29  8:33  Battlecruiser  
  37  9:15  SCV  
  37  9:16  Banshee  
  41  9:32  SCV  
  42  9:49  SCV  
  43  10:06  SCV  
  44  12:01  Supply Depot  
  44  12:16  Terran Vehicle and Ship Weapons Level 2  
  44  12:33  Supply Depot  
  44  12:57  Weapon Refit  
  44  12:58  Battlecruiser  
  44  13:06  Supply Depot  
  50  13:18  Supply Depot  
  50  13:36  Supply Depot  
  50  13:41  Battlecruiser  
  50  13:48  Supply Depot  
  56  15:19  Battlecruiser  
  56  15:26  Terran Vehicle And Ship Armor Level 1  
  62  16:02  Battlecruiser  
  68  16:44  Battlecruiser  
  74  17:27  Battlecruiser  
  80  18:10  Battlecruiser  
  86  18:52  Battlecruiser  
  92  19:12  Terran Vehicle and Ship Weapons Level 3  
  88  22:52  Terran Vehicle And Ship Armor Level 2  
Show
View Real Time Build Order
Export as new Build Order

NamroodTuo Terran 

Build Orders:  

Get SALT Encoding   

  12  0:02  SCV  
  13  0:16  SCV  
  14  0:29  SCV  
  14  0:39  Factory  
  15  0:50  Supply Depot  
  15  1:11  SCV  
  15  1:16  Supply Depot  
  16  1:24  SCV  
  17  1:30  Perdition Turret  
  17  1:38  SCV  
  18  1:51  Supply Depot  
  18  1:52  SCV  
  19  2:05  SCV  
  20  2:11  Refinery  
  20  2:17  Perdition Turret  
  20  2:37  SCV  
  21  2:46  Devastation Turret  
  21  3:05  Devastation Turret  
  21  3:06  SCV  
  21  3:07  Perdition Turret  
  22  3:27  Perdition Turret  
  22  3:37  Engineering Bay  
  22  3:52  Devastation Turret  
  22  4:04  Devastation Turret  
  22  4:14  SCV  
  22  4:15  Refinery  
  22  4:17  Refinery  
  23  4:28  SCV  
  24  4:41  SCV  
  25  4:55  SCV  
  26  5:09  SCV  
  27  5:22  SCV  
  28  5:36  SCV  
  29  5:49  SCV  
  29  5:54  Armory  
  30  6:03  SCV  
  30  6:09  Perdition Turret x2  
  31  6:16  SCV  
  32  6:28  Perdition Turret  
  32  6:29  Perdition Turret  
  32  6:42  Upgrade Laser Drill Level 1  
  32  6:49  Fire-Suppression Systems  
  32  7:02  Perdition Turret  
  32  7:04  SCV  
  33  7:18  SCV  
  34  7:31  SCV  
  35  7:45  SCV  
  35  7:49  KMC Auto-Loaders  
  36  7:58  SCV  
  37  8:12  SCV  
  38  8:26  SCV  
  39  8:39  Devastation Turret  
  39  8:42  Devastation Turret x2  
  39  9:00  Regenerative Bio-Steel  
  39  9:02  Devastation Turret  
  39  9:12  Devastation Turret  
  39  9:14  Devastation Turret  
  39  9:16  Supply Depot  
  39  9:17  Perdition Turret  
  39  9:19  Structure Armor  
  39  9:31  SCV  
  39  9:32  Supply Depot  
  39  9:35  Supply Depot  
  40  9:45  SCV  
  41  9:58  SCV  
  42  10:03  Upgrade Laser Drill Level 2  
  42  10:12  SCV  
  42  10:17  Perdition Turret  
  42  10:19  Hi-Sec Auto Tracking  
  43  10:27  Perdition Turret  
  43  10:30  Perdition Turret  
  43  10:42  Spinning Dizzy  
  43  10:56  SCV  
  44  11:00  Spinning Dizzy  
  44  11:10  SCV  
  44  11:19  Spinning Dizzy  
  45  11:24  SCV  
  45  11:27  Advanced Optics  
  46  11:37  SCV  
  47  11:50  Devastation Turret  
  47  11:51  SCV  
  48  12:04  SCV  
  48  12:06  Devastation Turret x2  
  49  12:18  SCV  
  50  12:31  SCV  
  51  12:40  Perdition Turret  
  51  12:41  Perdition Turret  
  51  12:45  SCV  
  52  12:54  Perdition Turret  
  52  12:57  Devastation Turret  
  52  12:59  SCV  
  53  13:12  SCV  
  53  13:14  Devastation Turret  
  53  13:15  Devastation Turret  
  53  13:16  Perdition Turret  
  54  13:26  SCV  
  54  13:27  Terran Vehicle and Ship Weapons Level 1  
  55  13:39  SCV  
  55  13:45  Perdition Turret x2  
  55  13:47  Devastation Turret  
  55  13:49  Devastation Turret  
  56  13:53  SCV  
  57  14:00  Devastation Turret  
  57  14:06  SCV  
  58  14:10  Spinning Dizzy  
  58  14:19  Spinning Dizzy  
  58  14:20  SCV  
  59  14:33  SCV  
  59  14:37  Perdition Turret  
  60  14:40  Perdition Turret  
  60  14:42  Perdition Turret  
  60  14:44  Spinning Dizzy  
  60  14:47  SCV  
  61  14:55  Perdition Turret  
  61  14:59  Devastation Turret  
  61  15:01  SCV  
  61  15:05  Devastation Turret  
  62  15:19  Factory Tech Reactor  
  62  15:28  Supply Depot  
  62  15:29  Devastation Turret  
  62  15:48  Devastation Turret  
  62  16:01  Supply Depot  
  62  16:05  Devastation Turret  
  62  16:06  Terran Vehicle And Ship Armor Level 1  
  62  16:15  Spinning Dizzy  
  62  16:16  Spinning Dizzy  
  62  16:30  Spinning Dizzy  
  62  16:32  Spinning Dizzy  
  62  16:33  Supply Depot  
  62  16:37  Spinning Dizzy  
  62  16:40  Spinning Dizzy  
  62  16:51  Spinning Dizzy  
  62  16:57  Spinning Dizzy  
  62  17:04  Supply Depot  
  62  17:15  Supply Depot  
  62  17:35  Supply Depot  
  62  17:46  SCV  
  62  17:48  Supply Depot  
  63  18:00  SCV  
  63  18:07  Supply Depot  
  64  18:13  SCV  
  64  18:18  Supply Depot  
  65  18:35  Starport  
  65  18:39  Starport  
  65  18:48  Terran Vehicle And Ship Armor Level 2  
  65  19:00  Starport  
  65  19:06  Starport Tech Reactor  
  65  19:08  Starport Tech Reactor  
  65  19:21  Starport Tech Reactor  
  65  19:33  Pulse Amplifier  
  65  19:36  Improved Nano-Repair  
  65  20:07  Wraith  
  65  20:08  Wraith x2  
  71  20:10  Wraith x3  
  77  20:47  Wraith  
  77  20:48  Wraith x2  
  83  20:50  Wraith x3  
  83  20:59  Devastation Turret  
  89  21:03  Devastation Turret  
  89  21:14  Devastation Turret  
  89  21:23  Devastation Turret  
  89  21:27  Wraith  
  89  21:28  Wraith x2  
  95  21:44  Wraith  
  95  21:45  Perdition Turret, Wraith  
  95  21:46  Wraith  
  95  21:47  Perdition Turret x2  
  101  21:58  Terran Vehicle and Ship Weapons Level 2  
  101  22:07  Wraith  
  101  22:08  Wraith  
  105  22:25  Perdition Turret x2  
  105  22:26  Perdition Turret  
  105  22:27  Wraith x2  
  105  22:28  Wraith x2  
  113  22:47  Wraith x2  
  117  23:00  Perdition Turret  
  117  23:02  Perdition Turret  
  117  23:04  Perdition Turret  
  117  23:09  Perdition Turret  
  117  23:10  Perdition Turret  
  117  23:20  Wraith  
  117  23:21  Wraith x3  
  119  24:25  Wraith x3  
  119  24:26  Wraith x3  
  131  25:05  Wraith  
  123  25:36  Wraith  
  123  25:37  Wraith x4  
  133  25:45  Wraith  
  129  26:16  Wraith  
  129  26:17  Wraith  
Tags
 
Commander
RaynorSwann
Matchup
Co-op
Replay Pack
Multiplayer
Add a new tag
Caveats
  • Supply blocks, unpowered buildings, or Contaminate may cause inaccurate times.
  • Supply counts are checked every 10 seconds.